 Dungeon Crawl Stone Soup version 0.26-a0-466-g989023bd0d (webtiles) character file.

Game seed: 11361876420792747084

148 HoaS the Ruffian (level 5, -1/30 HPs)
             Began as a Gargoyle Gladiator on July 31, 2020.
             Killed by divine providence
             ... invoked by an orc priest
              (14 damage)
             ... on level 2 of the Dungeon.
             The game lasted 00:04:27 (2353 turns).

HoaS the Ruffian (Gargoyle Gladiator)               Turns: 2353, Time: 00:04:27

Health: -1/30      AC: 13    Str: 18    XL:     5   Next: 30%
Magic:  5/5        EV: 10    Int:  9    God:
Gold:   87         SH:  0    Dex: 11    Spells: 4/4 levels left

rFire    . . .     SeeInvis .     - Unarmed
rCold    . . .     Faith    .   (no shield)
rNeg     + . .     Spirit   .   i - +0 scale mail
rPois    ∞         Reflect  .   b - +2 helmet
rElec    +         Harm     .   (no cloak)
rCorr    .                      (no gloves)
MR       .....                  (no boots)
Stlth    ..........             (no amulet)
HPRegen  0.10/turn              (no ring)
MPRegen  0.09/turn              (no ring)

@: no status effects
A: negative energy resistance 1, electricity resistance, unbreathing,
petrification resistance, rot immunity, AC +4
a: no special abilities


You were on level 2 of the Dungeon.
You visited 1 branch of the dungeon, and saw 2 of its levels.

You collected 87 gold pieces.

Inventory:

Missiles
 c - 3 throwing nets (quivered)
Armour
 b - a +2 helmet (worn)
 i - a +0 scale mail (worn)
Jewellery
 e - an uncursed ring of flight {unknown}
Wands
 l - a wand of acid (4)
Potions
 a - a potion of might {unknown}
 d - 2 potions of flight {unknown}
 f - a potion of degeneration {unknown}
 g - 3 potions of curing
 h - a potion of stabbing {unknown}
 j - a potion of resistance {unknown}
 k - a potion of heal wounds {unknown}
 m - a potion of berserk rage {unknown}


   Skills:
 - Level 2.1 Fighting
 - Level 1.7 Throwing
 - Level 2.4 Dodging
 * Level 5.8 Unarmed Combat


You had 4 spell levels left.
You didn't know any spells.
Your spell library was empty.

Dungeon Overview and Level Annotations

Branches:
Dungeon (2/15)

Altars:


Innate Abilities, Weirdness & Mutations

You are resistant to torment.
Your stone body is resilient. (AC +4)
You are immune to poison.
You resist negative energy. (rN+)
You are resistant to electric shocks. (rElec)
You can survive without breathing.
You are immune to petrification.
You are immune to rotting.


Message History

The orc throws a stone.
The stone barely misses you.
The orc throws a stone.
The stone hits you but does no damage.
You see here a stone.
The orc hits you but does no damage.
You see here a leather armour.
You punch the orc!
You kill the orc!
No target in view!
No target in view!
The orc priest invokes the aid of Beogh against you.
Beogh smites you!
Things that are here:
a +0 whip; 17 stones; an orc corpse The orc priest mumbles some strange prayers to Beogh against you.
You barely resist.
The orc priest calls down the wrath of Beogh upon you.
Beogh smites you!
The orc priest calls down the wrath of Beogh upon you.
Beogh smites you!
You die...

######### #.......#
#######.#####.#
#(.(.[).#####.##########
#.#.###.##..............
#.#.# #...........######
#.#.###@##.##.###.#
#.#....o......# #.#
#.######....#####.# #.#
#[#........# #.#
#.##.#.#.#######
#.######.##.#.........##
#........##.#...#####...
###..########.#...#####.##
#....# #.............


You could see an orc priest.

Vanquished Creatures
  An orc priest (D:2)
  An orc wizard (D:1)
  An adder (D:2)
  An ooze (D:1)
  A worm (D:2)
  3 dart slugs (D:1)
  3 leopard geckos
  An orc (D:2)
  9 bats
  2 giant cockroaches (D:1)
  5 goblins
  12 hobgoblins
  6 jackals (D:1)
  A quokka (D:2)
  2 frilled lizards
  8 kobolds
  6 rats
63 creatures vanquished.

Notes
Turn   | Place    | Note
-------+----------+-------------------------------------------
     0 | D:1      | HoaS the Gargoyle Gladiator began the quest for the Orb.
     0 | D:1      | Reached XP level 1. HP: 12/12 MP: 1/1
    84 | D:1      | Reached XP level 2. HP: 7/17 MP: 2/2
   327 | D:1      | Reached skill level 4 in Unarmed Combat
   333 | D:1      | Reached XP level 3. HP: 15/21 MP: 3/3
   811 | D:1      | Reached XP level 4. HP: 23/26 MP: 4/4
   985 | D:2      | HP: 1/26 [orc priest/divine providence (9)]
  1760 | D:1      | Reached skill level 5 in Unarmed Combat
  1947 | D:2      | Reached XP level 5. HP: 30/30 MP: 5/5
  2353 | D:2      | Killed from afar by an orc priest

Illustrated notes

Levels and vault maps discovered:
D:1:      dpeg_arrival_three_bigger_balls, layout_basic, minmay_tetromino_t4
D:2:      layout_loops_ring, hex_medium

Skill      XL: |  1  2  3  4 |
---------------+-------------+-----
Unarmed Combat | 4 5 |  5.8
Fighting       | |  2.1
Throwing       | |  1.7
Dodging        | |  2.4

Action                   |  1- 3 |  4- 6 || total
-------------------------+-------+-------++-------
Melee: Unarmed           |   124 |    88 ||   212
       Punch             |     4 |     2 ||     6
  Use: Scroll            |     4 |     3 ||     7
Armor: Leather armour    |    45 |     6 ||    51
       Scale mail        |       |    36 ||    36
Dodge: Dodged            |    83 |    36 ||   119

Table legend: (Time is in decaauts)
 A = Elapsed time spent in this place.
 B = Non-inter-level travel time spent in this place.
 C = Inter-level travel time spent in this place.
 D = Time resting spent in this place.
 E = Time spent auto-exploring this place.
 F = Levels seen in this place.
 G = Mean time per level.
                   A        B        C        D        E       F      G
               +--------+--------+--------+--------+--------+-----+--------+
         Total |   2343 |   2308 |     35 |   1240 |    626 |   2 | 1171.5 |
       Dungeon |   2343 |   2308 |     35 |   1240 |    626 |   2 | 1171.5 |
               +--------+--------+--------+--------+--------+-----+--------+

Top non-repeatable levels by time:
     D:1: 1817 daAuts
     D:2: 526 daAuts
